Workbook

Sheet Presupuesto 01000992
R1: PRESUPUESTO DESAGREGADO Proyecto: Fortalecimiento de las capacidades del Ministerio del Interior: “Implementación del Acuerdo de Paz, Seguridad Humana y respeto por los DD. HH” | AM1: Tasa proyección ciclo IV | AN1: 4182
R2: Objetivo del proyecto: Generar capacidades en las organizaciones de la sociedad civil para consolidar la política de Seguridad Humana y apoyar la implementación del Acuerdo de Paz, a partir del fortalecimiento de la gestión institucional de la Dirección de Derechos Humanos del Ministerio del Interior.
R3: RESULTADO : La Dirección de DD.HH. del Ministerio del Interior es fortalecida en su capacidad de formulación, articulación y seguimiento de iniciativas en materia normativa, de políticas públicas, de transferencia de capacidades a organizaciones y de respuesta a requerimientos judiciales, a través de la incorporación del enfoque basado en derechos humanos en la gestión institucional territorial.
R4: actividad | U4: Unidad de medida | V4: Valor unitario (por unidad de medida) (a) | W4: Cantidad requerida (b) | X4: Valor total por actividad | Y4: Adición No.1 | AC4: Adición No. 2 | AG4: Adición No. 3 | AK4: Cantidad requerida proyecto + adición No. 2 | AL4: Valor total por actividad proyecto + adición No. 2
Y5: Unidad de medida | Z5: Valor Unitario | AA5: Cantidad requerida | AB5: Valor total adición | AC5: Unidad de medida | AD5: Valor Unitario | AE5: Cantidad requerida | AF5: Valor total adición | AG5: Unidad de medida | AH5: Valor Unitario | AI5: Cantidad requerida | AJ5: Valor total adición
R6: Producto 1: Fortalecer la política pública de prevención de violaciones a los Derechos a la vida, integridad, libertad y seguridad de personas, grupos y comunidades. | S6: Actividad 1.1 Formular y diseñar documentos metodológicos en Gestión Preventiva del Riesgo. | T6: 4. Servicios contractuales | X6: =X7 -> 23752.827 | AB6: =SUM(AB7) -> 0 | AJ6: =SUM(AJ7) -> 0 | AL6: =SUM(AL7) -> 23752.827
T7: 4.1. Consultoria- documento metodológico gestión preventiva riesgo | U7: consultoría | V7: 23752.827 | W7: 1 | X7: =V7*W7 -> 23752.827 | Y7: 0 | AB7: =AA7*Z7 -> 0 | AK7: =W7+AA7+AE7+AI7 -> 1 | AL7: =AB7+X7+AF7+AJ7 -> 23752.827
S8: ACTIVIDAD 1.2 Realizar ajustes técnicos a la Metodología de Gestión en el territorio de la política pública de prevención a violaciones a los DDHH. | T8: 4. Servicios contractuales | X8: =X9 -> 23752.827 | AB8: =SUM(AB9:AB10) -> 0 | AJ8: =SUM(AJ9:AJ10) -> 343069.46 | AL8: =SUM(AL9:AL10) -> 366822.29
T9: 4.1. Consultoria- Metodologia gestión en el territorio | U9: consultoría | V9: 23752.827 | W9: 1 | X9: =V9*W9 -> 23752.827 | Y9: 0 | AB9: =AA9*Z9 -> 0 | AK9: =W9+AA9+AE9+AI9 -> 1 | AL9: =AB9+X9+AF9+AJ9 -> 23752.827
T10: 4.2. Cofinanciar proyectos territoriales seleccionados en el marco de los planes de trabajo en derechos humanos de las entidades territoriales (L.8) | AG10: ASBV | AH10: 14916.064 | AI10: 23 | AJ10: =AI10*AH10 -> 343069.46 | AK10: =W10+AA10+AE10+AI10 -> 23 | AL10: =AB10+X10+AF10+AJ10 -> 343069.46
S11: ACTIVIDAD 1.3 Fortalecer las iniciativas focalizadas en los Planes de Prevención de los territorios priorizados. | T11: 1. Costos de personal | X11: =SUM(X12:X18) -> 168311.69 | AB11: =SUM(AB12:AB19) -> 25032 | AF11: =SUM(AF12:AF18) -> 55908 | AJ11: =SUM(AJ12:AJ19) -> 265824 | AL11: =SUM(AL12:AL19) -> 515075.69
T12: 1.1. Coordinador jefe de proyecto | U12: mes | V12: 4329.0043 | W12: 12 | X12: =V12*W12 -> 51948.052 | AB12: =AA12*Z12 -> 0 | AC12: mes | AD12: 4314 | AE12: 4 | AF12: =AE12*AD12 -> 17256 | AG12: mes | AH12: 5165 | AI12: 12 | AJ12: =AI12*AH12 -> 61980 | AK12: =W12+AA12+AE12+AI12 -> 28 | AL12: =AB12+X12+AF12+AJ12 -> 131184.05
T13: 1.2 Asociado técnico territorial en DDHH | U13: mes | V13: 2317.2906 | W13: 12 | X13: =V13*W13 -> 27807.487 | AB13: =AA13*Z13 -> 0 | AC13: mes | AD13: 2309 | AE13: 4 | AF13: =AE13*AD13 -> 9236 | AG13: mes | AH13: 2400 | AI13: 12 | AJ13: =AI13*AH13 -> 28800 | AK13: =W13+AA13+AE13+AI13 -> 28 | AL13: =AB13+X13+AF13+AJ13 -> 65843.487
T14: 1.3 Asistente tecnico PME Monitoreo y evaluación | U14: mes | V14: 2049.9109 | W14: 12 | X14: =V14*W14 -> 24598.93 | AB14: =AA14*Z14 -> 0 | AC14: mes | AD14: 2043 | AE14: 4 | AF14: =AE14*AD14 -> 8172 | AG14: mes | AH14: 2400 | AI14: 12 | AJ14: =AI14*AH14 -> 28800 | AK14: =W14+AA14+AE14+AI14 -> 28 | AL14: =AB14+X14+AF14+AJ14 -> 61570.93
T15: 1.4 Asociado administrativo | U15: mes | V15: 2317.2906 | W15: 12 | X15: =V15*W15 -> 27807.487 | AB15: =AA15*Z15 -> 0 | AC15: mes | AD15: 2309 | AE15: 4 | AF15: =AE15*AD15 -> 9236 | AG15: mes | AH15: 2400 | AI15: 12 | AJ15: =AI15*AH15 -> 28800 | AK15: =W15+AA15+AE15+AI15 -> 28 | AL15: =AB15+X15+AF15+AJ15 -> 65843.487
T16: 1.5 Asociado administrativo GRANTS APR | U16: mes | V16: 1158.6453 | W16: 12 | X16: =V16*W16 -> 13903.743 | Y16: mes | Z16: 1159 | AA16: 12 | AB16: =AA16*Z16 -> 13908 | AC16: mes | AD16: 1154 | AE16: 4 | AF16: =AE16*AD16 -> 4616 | AG16: mes | AH16: 2400 | AI16: 12 | AJ16: =AI16*AH16 -> 28800 | AK16: =W16+AA16+AE16+AI16 -> 40 | AL16: =AB16+X16+AF16+AJ16 -> 61227.743
T17: 1.6.Asistente comunicaciones | U17: mes | V17: 926.91622 | W17: 12 | X17: =V17*W17 -> 11122.995 | Y17: mes | Z17: 927 | AA17: 12 | AB17: =AA17*Z17 -> 11124 | AC17: mes | AD17: 924 | AE17: 4 | AF17: =AE17*AD17 -> 3696 | AG17: mes | AH17: 2400 | AI17: 12 | AJ17: =AI17*AH17 -> 28800 | AK17: =W17+AA17+AE17+AI17 -> 40 | AL17: =AB17+X17+AF17+AJ17 -> 54742.995
T18: 1.7. Ásociado áreas transversales | U18: mes | V18: 926.91622 | W18: 12 | X18: =V18*W18 -> 11122.995 | AB18: =AA18*Z18 -> 0 | AC18: mes | AD18: 924 | AE18: 4 | AF18: =AE18*AD18 -> 3696 | AG18: mes | AH18: =1087+1500 -> 2587 | AI18: 12 | AJ18: =AI18*AH18 -> 31044 | AK18: =W18+AA18+AE18+AI18 -> 28 | AL18: =AB18+X18+AF18+AJ18 -> 45862.995
T19: 1.8 Asociado técnico fortalecimiento organizativo | AG19: mes | AH19: 2400 | AI19: 12 | AJ19: =AI19*AH19 -> 28800 | AK19: =W19+AA19+AE19+AI19 -> 12 | AL19: =AB19+X19+AF19+AJ19 -> 28800
T20: 4. Servicios contractuales | X20: =X21 -> 3501.6412 | AB20: =SUM(AB21:AB24) -> 50000 | AF20: =SUM(AF21:AF22) -> 50000 | AJ20: =SUM(AJ21:AJ24) -> 83824.008 | AL20: =SUM(AL21:AL24) -> 187325.65
T21: 4.1. Servicios de eventos/talleres con entidades, organizaciones, comunidades, asistencia | U21: costo unitario | V21: 763.9 | W21: 4.5839 | X21: =(V21*W21) -> 3501.6412 | AB21: =AA21*Z21 -> 0 | AK21: =W21+AA21+AE21+AI21 -> 4.5839 | AL21: =AB21+X21+AF21+AJ21 -> 3501.6412
T22: 4.2. Servicios de consultoria (IC) para seguimiento administrativo y financiero | U22: costo unitario | X22: =(V22*W22) -> 0 | Y22: costo unitario | Z22: 10000 | AA22: 5 | AB22: =AA22*Z22 -> 50000 | AC22: costo unitario | AD22: 10000 | AE22: 5 | AF22: =AE22*AD22 -> 50000 | AJ22: =AI22*AH22 -> 0 | AK22: =W22+AA22+AE22+AI22 -> 10 | AL22: =AB22+X22+AF22+AJ22 -> 100000
T23: 4.3. Plataforma | AG23: Consultoria | AH23: =(200000000/AN1) -> 47824.008 | AI23: 1 | AJ23: =AI23*AH23 -> 47824.008 | AK23: =W23+AA23+AE23+AI23 -> 1 | AL23: =AB23+X23+AF23+AJ23 -> 47824.008
T24: 4.4. Soporte proceso de automatización ASBV | AG24: UNV | AH24: 2000 | AI24: 18 | AJ24: =AI24*AH24 -> 36000 | AK24: =W24+AA24+AE24+AI24 -> 18 | AL24: =AB24+X24+AF24+AJ24 -> 36000
T25: 5. Viajes | X25: =X26 -> 7004.9724 | AB25: =SUM(AB26:AB26) -> 30261 | AF25: =SUM(AF26:AF26) -> 0 | AJ25: =SUM(AJ26:AJ26) -> 0 | AL25: =SUM(AL26:AL26) -> 37265.972
T26: 5.1. Viajes y viáticos | U26: misión | V26: 509.38 | W26: 13.751958 | X26: =V26*W26 -> 7004.9724 | Y26: misión | Z26: 504.35 | AA26: 60 | AB26: =AA26*Z26 -> 30261 | AK26: =W26+AA26+AE26+AI26 -> 73.751958 | AL26: =AB26+X26+AF26+AJ26 -> 37265.972
T27: 6. Transferencias y grants a contrapartes | X27: =SUM(X28,X29) -> 2873789.9 | AB27: =SUM(AB28:AB32) -> 48358.06 | AF27: =AF28+AF29 -> 12587.45 | AJ27: =SUM(AJ28:AJ32) -> 5039614.5 | AL27: =SUM(AL28:AL32) -> 7974349.9
T28: 6.1. ASBV/ APR / Compras Planes de prevención | U28: ASBV | V28: 21950.15 | W28: 128 | X28: =V28*W28 -> 2809619.2 | AK28: =W28+AA28+AE28+AI28 -> 128 | AL28: =AB28+X28+AF28+AJ28 -> 2809619.2
T29: 6.2. Seguimiento y monitoreo oficina PNUD (DPC) | U29: ASBV | V29: =(X6+X8+X11+X20+X25+X28+X33+X77+X78)*0.02 -> 64170.721 | W29: 1 | X29: =V29*W29 -> 64170.721 | Y29: 6.2. Seguimiento y monitoreo oficina PNUD (DPC) | Z29: 48358.06 | AA29: 1 | AB29: =AA29*Z29 -> 48358.06 | AC29: 6.2. Seguimiento y monitoreo oficina PNUD (DPC) | AD29: 12587.45 | AE29: 1 | AF29: =AE29*AD29 -> 12587.45 | AG29: 6.2. Seguimiento y monitoreo oficina PNUD (DPC) | AH29: 157800 | AI29: 1 | AJ29: =AI29*AH29 -> 157800 | AK29: =W29+AA29+AE29+AI29 -> 4 | AL29: =AB29+X29+AF29+AJ29 -> 282916.23
T30: 6.3. ASBV - iniciativas focalizadas en Planes de Prevención de municipios PDET (L.1) | AG30: ASBV | AH30: 19177.796 | AI30: 209 | AJ30: =AI30*AH30 -> 4008159.3 | AK30: =W30+AA30+AE30+AI30 -> 209 | AL30: =AB30+X30+AF30+AJ30 -> 4008159.3
T31: 6.4.ASBV - iniciativas en Planes Integrales de Prevención y Autoprotección para comunidades (L.2) | AG31: ASBV | AH31: 7458.0318 | AI31: 40 | AJ31: =AI31*AH31 -> 298321.27 | AK31: =W31+AA31+AE31+AI31 -> 40 | AL31: =AB31+X31+AF31+AJ31 -> 298321.27
T32: 6.5.ASBV - iniciativas en materia de Derechos Humanos para la implementación de los planes de integrales de prevención y autoprotección de comunidades priorizadas (L.4) | AG32: ASBV | AH32: 19177.796 | AI32: 30 | AJ32: =AI32*AH32 -> 575333.88 | AK32: =W32+AA32+AE32+AI32 -> 30 | AL32: =AB32+X32+AF32+AJ32 -> 575333.88
S33: ACTIVIDAD 1.4 Adecuar espacios destinados a la inhumación de cuerpos o restos Humanos de personas no identificadas e identificadas no reclamadas en cementerios, como apoyo a la acción institucional en el marco del proceso de búsqueda de personas desaparecidas en Colombia. | T33: 4. Servicios contractuales | X33: =X34 -> 127592.89 | AB33: =SUM(AB34) -> 0 | AJ33: =SUM(AJ34:AJ35) -> 441255.18 | AL33: =SUM(AL34:AL35) -> 568848.07
T34: 4.1. Contrato adecuación espacios inhumación de restos | U34: costo unitario | V34: 42530.963 | W34: 3 | X34: =V34*W34 -> 127592.89 | AB34: =AA34*Z34 -> 0 | AK34: =W34+AA34+AE34+AI34 -> 3 | AL34: =AB34+X34+AF34+AJ34 -> 127592.89
T35: 4.2. Contratos par apoyar a las entidades territoriales en la adecuación de espacios destinados a la inhumación de cuerpos o restos humanos de personas no identificadas e identificadas no reclamadas en cementerios. (L.7) | AG35: Consultoria | AH35: 73542.53 | AI35: 6 | AJ35: =AI35*AH35 -> 441255.18 | AK35: =W35+AA35+AE35+AI35 -> 6 | AL35: =AB35+X35+AF35+AJ35 -> 441255.18
S36: total producto 1 | X36: =X6+X8+X11+X20+X25+X27+X33 -> 3227706.8 | AB36: =AB6+AB8+AB11+AB20+AB25+AB27+AB33 -> 153651.06 | AF36: =AF6+AF8+AF11+AF20+AF25+AF27+AF33 -> 118495.45 | AJ36: =AJ6+AJ8+AJ11+AJ20+AJ25+AJ27+AJ33 -> 6173587.1 | AL36: =AL6+AL8+AL11+AL20+AL25+AL27+AL33 -> 9673440.4
R37: Producto 2: Fortalecer la intervención territorial de la Dirección de DDHH a través de la gestión de programas e instancias tendientes a consolidar los ecosistemas de promoción y protección de DDHH. | S37: ACTIVIDAD 2.1 Cofinanciar proyectos territoriales seleccionados en el marco de los planes de trabajo en Derechos Humanos de las entidades territoriales | T37: 6. Transferencias y grants a contrapartes | X37: =SUM(X38,X39) -> 180219.59 | AB37: =SUM(AB38:AB39) -> 404.8 | AF37: =SUM(AF38:AF39) -> 3945 | AJ37: =SUM(AJ38:AJ39) -> 0 | AL37: =SUM(AL38:AL39) -> 184569.39
T38: 6.1. ASBV- APR Iniciativas Proyectos territoriales planes de trabajo en DD.HH | U38: ASBV-APR | V38: 16219.489 | W38: 10 | X38: =V38*W38 -> 162194.89 | AB38: =AA38*Z38 -> 0 | AE38: 0 | AF38: =AE38*AD38 -> 0 | AI38: 0 | AJ38: =AI38*AH38 -> 0 | AK38: =W38+AA38+AE38+AI38 -> 10 | AL38: =AB38+X38+AF38+AJ38 -> 162194.89
T39: 6.2. Seguimiento y monitoreo oficina PNUD (DPC) | U39: ASBV | V39: =(X38+X40+X42+X44+X46+X48+X53)*0.02 -> 18024.699 | W39: 1 | X39: =W39*V39 -> 18024.699 | Y39: 6.2. Seguimiento y monitoreo oficina PNUD (DPC) | Z39: 404.8 | AA39: 1 | AB39: =AA39*Z39 -> 404.8 | AC39: 6.2. Seguimiento y monitoreo oficina PNUD (DPC) | AD39: 3945 | AE39: 1 | AF39: =AE39*AD39 -> 3945 | AJ39: =AI39*AH39 -> 0 | AK39: =W39+AA39+AE39+AI39 -> 3 | AL39: =AB39+X39+AF39+AJ39 -> 22374.499
S40: ACTIVIDAD 2.2. Fortalecer la implementación de los planes integrales de prevención y autoprotección de comunidades en el marco del decreto 660 de 2018, a través del apoyo a iniciativas comunitarias. | T40: 4. Servicios contractuales | X40: =X41 -> 3501.8992 | AB40: =SUM(AB41) -> 0 | AF40: =SUM(AF41) -> 74808.6 | AJ40: =SUM(AJ41) -> 0 | AL40: =SUM(AL41) -> 78310.499
T41: 4.1. Servicios de eventos/talleres con entidades, organizaciones, comunidades | U41: Costo unitario | V41: 763.94194 | W41: 4.583986 | X41: =V41*W41 -> 3501.8992 | AB41: =AA41*Z41 -> 0 | AC41: costo unitario | AD41: 7480.86 | AE41: 10 | AF41: =AE41*AD41 -> 74808.6 | AJ41: =AI41*AH41 -> 0 | AK41: =W41+AA41+AE41+AI41 -> 14.583986 | AL41: =AB41+X41+AF41+AJ41 -> 78310.499
T42: 5. Viajes | X42: =X43 -> 7003.7983 | AB42: =SUM(AB43) -> 20240.288 | AF42: =SUM(AF43) -> 24316.63 | AJ42: =SUM(AJ43) -> 0 | AL42: =SUM(AL43) -> 51560.716
T43: 5.1. Viajes y viáticos | U43: misión | V43: 509.29463 | W43: 13.751958 | X43: =V43*W43 -> 7003.7983 | Y43: misión | Z43: 506.0072 | AA43: 40 | AB43: =AA43*Z43 -> 20240.288 | AC43: costo unitario | AD43: 2431.663 | AE43: 10 | AF43: =AE43*AD43 -> 24316.63 | AJ43: =AI43*AH43 -> 0 | AK43: =W43+AA43+AE43+AI43 -> 63.751958 | AL43: =AB43+X43+AF43+AJ43 -> 51560.716
T44: 6. Transferencias y grants a contrapartes | X44: =X45 -> 403915.06 | AB44: =SUM(AB45:AB45) -> 0 | AF44: =SUM(AF45:AF45) -> 0 | AJ44: =SUM(AJ45:AJ45) -> 0 | AL44: =SUM(AL45:AL45) -> 403915.06
T45: 6.1. ASBV- APR Fortalecimiento planes integrales de prevención D.660 | U45: ASBV-APR | V45: 18359.775 | W45: 22 | X45: =V45*W45 -> 403915.06 | AB45: =AA45*Z45 -> 0 | AK45: =W45+AA45+AE45+AI45 -> 22 | AL45: =AB45+X45+AF45+AJ45 -> 403915.06
S46: ACTIVIDAD 2.3. Diseñar e implementar un plan estratégico de cultura de respeto y de garantías a la labor de defensa de los Derechos Humanos a nivel nacional y territorial. | T46: 4. Servicios contractuales | X46: =X47 -> 47313.011 | AB46: =SUM(AB47) -> 0 | AF46: =SUM(AF47) -> 0 | AJ46: =SUM(AJ47) -> 0 | AL46: =SUM(AL47) -> 47313.011
T47: 4.1. Consultoría análisis de riesgos | U47: consultoría | V47: 47313.011 | W47: 1 | X47: =V47*W47 -> 47313.011 | AB47: =AA47*Z47 -> 0 | AF47: =AE47*AD47 -> 0 | AJ47: =AI47*AH47 -> 0 | AK47: =W47+AA47+AE47+AI47 -> 1 | AL47: =AB47+X47+AF47+AJ47 -> 47313.011
S48: ACTIVIDAD 2.4. Transferir capacidades para la incidencia política y la exigibilidad de derechos, a las Organizaciones defensoras de DDHH, con enfoque diferencial, de genero y OSIGD priorizando acciones en las Zonas Especiales de garantías para el liderazgo y la defensa de los DDHH. | T48: 4. Servicios contractuales | X48: =X52 -> 277306.29 | AB48: =SUM(AB49:AB50) -> 230000 | AF48: =SUM(AF49) -> 64145 | AJ48: =SUM(AJ49) -> 0 | AL48: =SUM(AL49:AL50) -> 294145
T49: 4.1. Consultoría análisis de riesgos | X49: =V49*W49 -> 0 | AB49: =AA49*Z49 -> 0 | AC49: consultoría | AD49: 64145 | AE49: 1 | AF49: =AE49*AD49 -> 64145 | AJ49: =AI49*AH49 -> 0 | AK49: =W49+AA49+AE49+AI49 -> 1 | AL49: =AB49+X49+AF49+AJ49 -> 64145
T50: 4.2. Consultoría - Asistencia Técnica | Y50: consultoría | Z50: 115000 | AA50: 2 | AB50: =AA50*Z50 -> 230000 | AL50: =AB50+X50+AF50+AJ50 -> 230000
T51: 6. Transferencias y grants a contrapartes | X51: =X53 -> 0 | AB51: =SUM(AB52:AB53) -> 1934189.9 | AF51: =SUM(AF52:AF52) -> 137714 | AJ51: =SUM(AJ52:AJ52) -> 0 | AL51: =SUM(AL52:AL52) -> 2349210.2
T52: 6.1. ASBV- APR Fortalecimiento planes integrales de prevención D.660 - Asistencia Técnica | U52: ASBV-APR | V52: 6932.6571 | W52: 40 | X52: =V52*W52 -> 277306.29 | Y52: ASBV | Z52: 19537.272 | AA52: 99 | AB52: =AA52*Z52 -> 1934189.9 | AC52: ASBV-APR | AD52: 137714 | AE52: 1 | AF52: =AE52*AD52 -> 137714 | AJ52: =AI52*AH52 -> 0 | AK52: =W52+AA52+AE52+AI52 -> 140 | AL52: =AB52+X52+AF52+AJ52 -> 2349210.2
S53: ACTIVIDAD 2.5. Fortalecer las capacidades en materia de prevención, análisis de riesgo y defensa de los Derechos Humanos. | T53: 4. Servicios contractuales | AB53: =AB54 -> 0 | AF53: =SUM(AF54) -> 500000 | AJ53: =SUM(AJ54) -> 0 | AL53: =SUM(AL54:AL54) -> 500000
T54: 4.1. Programa de formación para la consolidación de la política pública de Seguridad Humana y el respeto a los DD.HH.. | AC54: Consultoría (Proceso de Formación) | AD54: 500000 | AE54: 1 | AF54: =AE54*AD54 -> 500000 | AJ54: =AI54*AH54 -> 0 | AK54: =W54+AA54+AE54+AI54 -> 1 | AL54: =AB54+X54+AF54+AJ54 -> 500000
S55: total producto 2 | X55: =X37+X40+X42+X44+X46+X48+X53 -> 919259.65 | AB55: =AB37+AB40+AB42+AB44+AB46+AB51+AB48 -> 2184835 | AF55: =AF37+AF40+AF42+AF44+AF46+AF48+AF51+AF53 -> 804929.23 | AJ55: =AJ37+AJ40+AJ42+AJ44+AJ46+AJ48+AJ51+AJ53 -> 0 | AL55: =AL37+AL40+AL42+AL44+AL46+AL48+AL51+AL53 -> 3909023.9
R56: Producto 3: Implementar las políticas públicas en materia de Garantías para el goce efectivo de los DDHH, la protección de personas y comunidades en riesgo y el seguimiento de los autos y órdenes judiciales a cargo de la Dirección de Derechos Humano | S56: ACTIVIDAD 3.1. Apoyar la implementación del Plan de Acción Nacional del Programa Integral de Garantías para Lideresas y Defensoras de DDHH, en el marco del auto 737, de la sentencia T-025/2004. | T56: 4. Servicios contractuales | X56: =X57 -> 3501.8992 | AB56: =SUM(AB57) -> 0 | AL56: =SUM(AL57) -> 3501.8992
T57: 4.1. Servicios de eventos/talleres con entidades, organizaciones, comunidades | U57: Costo unitario | V57: 763.94194 | W57: 4.583986 | X57: =V57*W57 -> 3501.8992 | AB57: =AA57*Z57 -> 0 | AK57: =W57+AA57+AE57+AI57 -> 4.583986 | AL57: =AB57+X57+AF57+AJ57 -> 3501.8992
T58: 5. Viajes | X58: =X59 -> 7003.7983 | AB58: =SUM(AB59) -> 20240 | AL58: =SUM(AL59) -> 27243.798
T59: 5.1. Viajes y viáticos | U59: misión | V59: 509.29463 | W59: 13.751958 | X59: =V59*W59 -> 7003.7983 | Y59: misión | Z59: 506 | AA59: 40 | AB59: =AA59*Z59 -> 20240 | AK59: =W59+AA59+AE59+AI59 -> 53.751958 | AL59: =AB59+X59+AF59+AJ59 -> 27243.798
T60: 6. Transferencias y grants a contrapartes | X60: =SUM(X61,X62) -> 261974.47 | AB60: =SUM(AB61:AB62) -> 404.8 | AF60: =SUM(AF61:AF62) -> 1975.56 | AJ60: =SUM(AJ61:AJ62) -> 0 | AL60: =SUM(AL61:AL62) -> 264354.83
T61: 6.1. ASBV- APR Iniciativas Plan de acción Programa Nacional Integral garantías lideresas y defensoras DD.HH, auto 737 y Sentencia T-025/2004 | U61: ASBV-APR | V61: 17494.208 | W61: 14 | X61: =V61*W61 -> 244918.92 | AB61: =AA61*Z61 -> 0 | AK61: =W61+AA61+AE61+AI61 -> 14 | AL61: =AB61+X61+AF61+AJ61 -> 244918.92
T62: 6.2. Seguimiento y monitoreo oficina PNUD (DPC) | U62: ASBV-APR | V62: =(X56+X58+X61+X63+X65+X68)*0.02 -> 17055.552 | W62: 1 | X62: =V62*W62 -> 17055.552 | Y62: ASBV-APR | Z62: =(AB56+AB58+AB61+AB63+AB65+AB68)*0.02 -> 404.8 | AA62: 1 | AB62: =AA62*Z62 -> 404.8 | AC62: 6.2. Seguimiento y monitoreo oficina PNUD (DPC) | AD62: 1975.56 | AE62: 1 | AF62: =AE62*AD62 -> 1975.56 | AJ62: =AI62*AH62 -> 0 | AK62: =W62+AA62+AE62+AI62 -> 3 | AL62: =AB62+X62+AF62+AJ62 -> 19435.912
S63: ACTIVIDAD 3.2. Implementar los planes de acción de las Zonas Especiales de Garantías para el Liderazgo Social y Defensa de los Derechos Humanos, para la mitigación de riesgos de vulneraciones conexos a esta actividad. | T63: 6. Transferencias y grants a contrapartes | X63: =X64 -> 50126 | AB63: =SUM(AB64:AB64) -> 0 | AJ63: =AJ64 -> 0 | AL63: =SUM(AL64:AL64) -> 50126
T64: 6.1. ASBV- APR Iniciativas Planes de accion Zonas especiales de Garantias liderazgo social y defensa DD.HH | U64: ASBV-APR | V64: 5012.6 | W64: 10 | X64: =V64*W64 -> 50126 | AB64: =AA64*Z64 -> 0 | AK64: =W64+AA64+AE64+AI64 -> 10 | AL64: =AB64+X64+AF64+AJ64 -> 50126
S65: ACTIVIDAD 3.3. Realizar seguimiento al cumplimiento de las órdenes judiciales a cargo de la Dirección de Derechos Humanos. | T65: 6. Transferencias y grants a contrapartes | X65: =X66 -> 364954.66 | AB65: =SUM(AB66:AB66) -> 0 | AJ65: =SUM(AJ66:AJ67) -> 340938.59 | AL65: =SUM(AL66:AL67) -> 705893.25
T66: 6.1. ASBV- APR Iniciativas seguimiento cumplimiento ordenes judiciales (autos priorizados) a cargo de la Dirección de DD.HH | U66: ASBV-APR | V66: 18247.733 | W66: 20 | X66: =V66*W66 -> 364954.66 | AB66: =AA66*Z66 -> 0 | AK66: =W66+AA66+AE66+AI66 -> 20 | AL66: =AB66+X66+AF66+AJ66 -> 364954.66
T67: 6.2. ASBV- Realizar seguimiento al cumplimiento de las órdenes enmarcadas en los autos priorizados para la vigencia a cargo de la Dirección de Derechos Humanos (L.11) | AG67: ASBV | AH67: 17046.93 | AI67: 20 | AJ67: =AI67*AH67 -> 340938.59 | AK67: =W67+AA67+AE67+AI67 -> 20 | AL67: =AB67+X67+AF67+AJ67 -> 340938.59
S68: ACTIVIDAD 3.4. Apoyar iniciativas organizativas y/o comunitarias dirigidas a la protección y autoprotección de mujeres dedicadas al liderazgo social y la defensa de los DDHH. | T68: 6. Transferencias y grants a contrapartes | X68: =X69 -> 182272.33 | AB68: =SUM(AB69:AB75) -> 0 | AJ68: =SUM(AJ69:AJ75) -> 1375474.1 | AL68: =SUM(AL69:AL75) -> 1557746.5
T69: 6.1. ASBV- APR Iniciativas organizativas y/o comunitarias proteccion y autoproteccion con enfoque de género, énfasis en proteccion y prevencion a mujeres | U69: ASBV-APR | V69: 18227.233 | W69: 10 | X69: =V69*W69 -> 182272.33 | AK69: =W69+AA69+AE69+AI69 -> 10 | AL69: =AB69+X69+AF69+AJ69 -> 182272.33
T70: 6.2. ASBV - iniciativas a organizaciones defensoras de Derechos Humanos, con enfoque diferencial, de género, y orientación e identidad sexual diversa (L.5) | AG70: ASBV | AH70: 6499.142 | AI70: 40 | AJ70: =AI70*AH70 -> 259965.68 | AK70: =W70+AA70+AE70+AI70 -> 40 | AL70: =AB70+X70+AF70+AJ70 -> 259965.68
T71: 6.3. ASBV - iniciativa dirigidas a apoyar la implementación de los planes de acción construidos en las zonas especiales de garantías para el liderazgo social y defensa de los derechos humanos (L.6) | AG71: ASBV | AH71: 6499.142 | AI71: 40 | AJ71: =AI71*AH71 -> 259965.68 | AK71: =W71+AA71+AE71+AI71 -> 40 | AL71: =AB71+X71+AF71+AJ71 -> 259965.68
T72: 6.4. ASBV - iniciativas de autoprotección de organizaciones y colectividades de los sectores sociales LGBTIQ+, en el marco de los planes de autoprotección territorial (L.9) | AG72: ASBV | AH72: 5327.1655 | AI72: 23 | AJ72: =AI72*AH72 -> 122524.81 | AK72: =W72+AA72+AE72+AI72 -> 23 | AL72: =AB72+X72+AF72+AJ72 -> 122524.81
T73: 6.5. Apoyar iniciativas en materia de Derechos Humanos con enfoque de género y diferencial con énfasis en protección y prevención hacia las mujeres. (L.10) | AG73: ASBV | AH73: 19177.796 | AI73: 20 | AJ73: =AI73*AH73 -> 383555.92 | AK73: =W73+AA73+AE73+AI73 -> 20 | AL73: =AB73+X73+AF73+AJ73 -> 383555.92
T74: 6.6. ASBV - Diseñar, seleccionar e implementar proyectos para la promoción y prevención de los derechos humanos de las mujeres lideresas defensoras de derechos humanos. (L.12) | AG74: ASBV | AH74: 12785.197 | AI74: 24 | AJ74: =AI74*AH74 -> 306844.73 | AK74: =W74+AA74+AE74+AI74 -> 24 | AL74: =AB74+X74+AF74+AJ74 -> 306844.73
T75: 6.7. ASBV - Cofinanciar iniciativas focalizadas en el impulso del programa de fortalecimiento de la capacidad de denuncia de las organizaciones de derechos humanos en los territorios rurales. (L.3) | AG75: ASBV | AH75: 2130.8662 | AI75: 20 | AJ75: =AI75*AH75 -> 42617.324 | AK75: =W75+AA75+AE75+AI75 -> 20 | AL75: =AB75+X75+AF75+AJ75 -> 42617.324
S76: total producto 3 | X76: =X56+X58+X60+X63+X65+X68 -> 869833.15 | AB76: =AB56+AB58+AB60+AB63+AB65+AB68 -> 20644.8 | AF76: =AF56+AF58+AF60+AF63+AF65+AF68 -> 1975.56 | AJ76: =AJ56+AJ58+AJ60+AJ63+AJ65+AJ68 -> 1716412.7 | AL76: =AL56+AL58+AL60+AL63+AL65+AL68 -> 2608866.2
R77: Evaluación | X77: 40000 | AB77: 0 | AF77: 0 | AJ77: 0 | AL77: 40000
R78: Auditoría | X78: 5000 | AB78: 0 | AF78: 0 | AJ78: 0 | AL78: 5000
R79: 7. Costos directos Totales para el proyecto | X79: =X36+X55+X76+X77+X78 -> 5061799.6 | AB79: =AB36+AB55+AB76+AB77+AB78 -> 2359130.9 | AF79: =AF36+AF55+AF76+AF77+AF78 -> 925400.24 | AJ79: =AJ36+AJ55+AJ76+AJ77+AJ78 -> 7889999.9 | AL79: =AL36+AL55+AL76+AL77+AL78 -> 16236331
R80: 8. Subtotal (Sumar los valores de las actividades + costos directos) | X80: =X79 -> 5061799.6 | AB80: =AB79 -> 2359130.9 | AF80: =AF79 -> 925400.24 | AJ80: =AJ79 -> 7889999.9 | AL80: =AL79 -> 16236331
R81: 9. Costos indirectos Totales para el proyecto (GMS) | X81: =X80*0.05 -> 253089.98 | AB81: =AB80*0.05 -> 117956.54 | AF81: =AF80*0.05 -> 46270.012 | AJ81: =AJ80*0.05 -> 394499.99 | AL81: =AB81+X81+AF81+AJ81 -> 811816.53
R82: TOTAL PRESUPUESTO A TRANSFERIR (sumar subtotal + gastos indirectos) | X82: =X79+X81 -> 5314889.5 | AB82: =AB79+AB81 -> 2477087.4 | AF82: =AF79+AF81 -> 971670.25 | AJ82: =AJ79+AJ81 -> 8284499.9 | AL82: =AL79+AL81 -> 17048147
S85: Tasa dic | T85: 3997 | AC85: ENMIENDA 3 | AG85: ENMIENDA 3
R86: Concepto | S86: USD | T86: COP | AD86: COP | AE86: USD | AH86: COP | AI86: USD
R87: Producto 1 | S87: =AL6+AL8+AL20+AL28+AL33+AL25 -> 3993634 | T87: =S87*$T$85 -> 1.5962555e+10 | AC87: a.Proceso de Formación (Diplomado) entorno a la consolidación de la política pública de seguridad humana y el respeto a los Derechos Humanos. | AD87: 2254000000 | AE87: =AD87/3997 -> 563922.94 | AF87: se crea una activity 2.5 | AG87: a.Proceso de Formación (Diplomado) entorno a la consolidación de la política pública de seguridad humana y el respeto a los Derechos Humanos. | AH87: 2254000000 | AI87: =AH87/3997 -> 563922.94 | AJ87: se crea una activity 2.5
R88: Producto 2 | S88: =AL38+AL40+AL42+AL44+AL46+AL48+AL52+AL53 -> 3886649.4 | T88: =S88*$T$85 -> 1.5534938e+10 | AC88: b.Desarrollar una consultoría con el propósito de elaborar un marco conceptual, metodologías y herramientas cualitativas y cuantitativas para el análisis de riesgos frente a las afectaciones a los DD.HH. | AD88: 320323116 | AE88: =AD88/3997 -> 80140.885 | AF88: se incorpora en la activity 2.4 ( se debe crear una categoria de gasto) | AG88: b.Desarrollar una consultoría con el propósito de elaborar un marco conceptual, metodologías y herramientas cualitativas y cuantitativas para el análisis de riesgos frente a las afectaciones a los DD.HH. | AH88: 320323116 | AI88: =AH88/3997 -> 80140.885 | AJ88: se incorpora en la activity 2.4 ( se debe crear una categoria de gasto)
R89: Producto 3 | S89: =AL56+AL58+AL61+AL63+AL65+AL68 -> 2589430.3 | T89: =S89*$T$85 -> 1.0349953e+10 | AC89: c. Adicionar recursos para prestar asistencia técnica a Organizaciones sociales dirigidas a fortalecer la prevención y defensa de los DD.HH. | AD89: 1.3324999e+09 | AE89: =AD89/3997 -> 333375 | AF89: se incorpora en la activity 2.4 (transferencias) | AG89: c. Adicionar recursos para prestar asistencia técnica a Organizaciones sociales dirigidas a fortalecer la prevención y defensa de los DD.HH. | AH89: 1.3324999e+09 | AI89: =AH89/3997 -> 333375 | AJ89: se incorpora en la activity 2.4 (transferencias)
R90: Equipo de implementación PNUD | S90: =AL11 -> 515075.69 | T90: =S90*$T$85 -> 2.0587575e+09 | AD90: =SUM(AD87:AD89) -> 3.906823e+09 | AE90: =SUM(AE87:AE89) -> 977438.83 | AH90: =SUM(AH87:AH89) -> 3.906823e+09 | AI90: =SUM(AI87:AI89) -> 977438.83
R91: Seguimiento y monitoreo oficina PNUD (DPC) | S91: =AL29+AL39++AL62 -> 324726.64 | T91: =S91*$T$85 -> 1.2979324e+09
R92: Evaluacion | S92: =AL77 -> 40000 | T92: =S92*$T$85 -> 159880000
R93: Auditoria | S93: =AL78 -> 5000 | T93: 19635000
R94: Costos Directos | S94: =SUM(S87:S93) -> 11354516 | T94: 2.941684e+10
R95: GMS (5%) | S95: =AL81 -> 811816.53 | T95: 1454732877
R96: Total presupuesto | S96: =S94+S95 -> 12166333 | T96: 3.0871573e+10
R98: % Costos indirectos, y Operacion PNUD | T98: =(S90+S91+S95+S92+S93)/S96 -> 0.13945195
R100: Categoría de gasto | S100: Valor Total USD
R101: Costos de personal | S101: =S90 -> 515075.69
R102: Servicios contractuales (consultorías, logística eventos y talleres) | S102: =AL6+AL8++AL21+AL22+AL34+AL41+AL47+AL49+AL54+AL57 -> 1314940.1
R103: Transferencias, ASBV y APR a contrapartes | S103: =AL28+AL38+AL45+AL52+AL61+AL66+AL69+AL64 -> 6567211.3
R104: Viajes – Viáticos, eventos | S104: =AL26+AL59+AL43 -> 116070.49
...

Sheet (AWP) Plan de trabajo 
A1: PRODUCTOS ESPERADOS | B1: ACTIVIDADES PREVISTAS | C1: Presupuesto Previsto Año 2023 | D1: Presupuesto Previsto por trimestre Año 2024 | H1: Presupuesto Previsto por trimestre Año 2025 | J1: RESPONSABLE | K1: PRESUPUESTO PREVISTO
D2: T1 | E2: T2 | F2: T3 | G2: T4 | H2: T1 | I2: T2 | K2: Fuente de Financiamiento | L2: Descripción Presupuesto | M2: Monto
A3: Producto 1 Fortalecer la política pública de prevención de violaciones a los Derechos a la vida, integridad, libertad y seguridad de personas, grupos y comunidades. Indicador de género: GEN2 | B3: 1.1 Actividad : Formular y diseñar documentos metodológicos en Gestión Preventiva del Riesgo. | H3: =M3*40% -> 9501.1309 | I3: =M3*60% -> 14251.696 | J3: UNDP | K3: Ministerio del Interior | L3: Servicios contractuales 71300 | M3: ='Presupuesto 01000992'!AL6 -> 23752.827
B4: 1.2 Actividad: : Realizar ajustes técnicos a la Metodología de Gestión en el territorio de la política pública de prevención a violaciones a los DDHH. | F4: 14251 | G4: 9500 | H4: 111050 | I4: 257842 | J4: UNDP | K4: Ministerio del Interior | L4: Servicios contractuales 71300 | M4: ='Presupuesto 01000992'!AL8 -> 366822.29
B5: 1.3 Actividad: Fortalecer las iniciativas focalizadas en los Planes de Prevención de los territorios priorizados. | C5: 17643 | D5: 3890 | E5: 46543 | F5: 105000 | G5: 115000 | H5: 125000 | I5: 125000 | J5: UNDP | K5: Ministerio del Interior | L5: Recurso humano NPSA 71400 | M5: ='Presupuesto 01000992'!AL11+'Presupuesto 01000992'!AL20+'Presupuesto 01000992'!AL25+'Presupuesto 01000992'!AL27 -> 8714017.2
F6: 8750 | G6: =(1250*21)+51282 -> 77532 | H6: =35000+18000 -> 53000 | I6: =30000+18000 -> 48000 | L6: Recurso humano UNV 71500
H7: 3502 | L7: Eventos/talleres 75700
E8: 14265 | L8: Viajes y viáticos 71600
E9: 11345 | F9: 300000 | G9: 2200000 | H9: 2047514 | I9: 3500000 | L9: ASBV - APR 72600
G10: 94326 | I10: 200000 | L10: DPC 74500
B11: 1.4. Actividad: Adecuar espacios destinados a la inhumación de cuerpos o restos Humanos de personas no identificadas e identificadas no reclamadas en cementerios, como apoyo a la acción institucional en el marco del proceso de búsqueda de personas desaparecidas en Colombia. | F11: 16000 | G11: 63900 | J11: UNDP | K11: Ministerio del Interior | L11: Servicios contractuales 71300 | M11: ='Presupuesto 01000992'!AL33 -> 568848.07
H12: 143000 | I12: 379159 | J12: UNDP | K12: Ministerio del Interior | L12: ASBV - APR 72600
B13: Subtotal para el Producto 1 | C13: =SUM(C3:C11) -> 17643 | D13: =SUM(D3:D11) -> 3890 | E13: =SUM(E3:E11) -> 72153 | F13: =SUM(F3:F11) -> 444001 | G13: =SUM(G3:G11) -> 2560258 | H13: =SUM(H3:H11) -> 2349567.1 | I13: =SUM(I3:I11) -> 4145093.7 | M13: =SUM(M3:M11) -> 9673440.4
A14: Producto 2 Fortalecer la intervención territorial de la Dirección de DDHH a través de la gestión de programas e instancias tendientes a consolidar los ecosistemas de promoción y protección de DDHH. Indicador de género: GEN2 | B14: 2.1 Actividad : Cofinanciar proyectos territoriales seleccionados en el marco de los planes de trabajo en Derechos Humanos de las entidades territoriales | G14: 13797 | H14: 34597 | I14: 113800 | J14: UNDP | K14: Ministerio del Interior | L14: ASBV - APR 72600 | M14: ='Presupuesto 01000992'!AL37 -> 184569.39
I15: 22375 | L15: DPC 74500
B16: 2.2 Actividad: Fortalecer la implementación de los planes integrales de prevención y autoprotección de comunidades en el marco del decreto 660 de 2018, a través del apoyo a iniciativas comunitarias. | H16: 39155 | I16: 39155 | J16: UNDP | K16: Ministerio del Interior | L16: Eventos/talleres 75700 | M16: ='Presupuesto 01000992'!AL40+'Presupuesto 01000992'!AL42+'Presupuesto 01000992'!AL44 -> 533786.27
H17: =51561/2 -> 25780.5 | I17: =51561/2 -> 25780.5 | L17: Viajes y viáticos 71600
E18: 40094 | F18: 3906 | G18: 24283 | H18: 335632 | L18: ASBV - APR 72600
B19: 2.3 Actividad : Diseñar e implementar un plan estratégico de cultura de respeto y de garantías a la labor de defensa de los Derechos Humanos a nivel nacional y territorial. | H19: =M19*0.5 -> 23656.506 | I19: =M19*0.5 -> 23656.506 | J19: UNDP | K19: Ministerio del Interior | L19: Servicios contractuales 71300 | M19: ='Presupuesto 01000992'!AL46 -> 47313.011
B20: 2.4. Actividad: Transferir capacidades para la incidencia política y la exigibilidad de derechos, a las Organizaciones defensoras de DDHH, con enfoque diferencial, de genero y OSIGD priorizando acciones en las Zonas Especiales de garantías para el liderazgo y la defensa de los DDHH. | F20: 18258 | H20: =M20/2-64145 -> 1257532.6 | I20: =1303420-230000 -> 1073420 | J20: UNDP | K20: Ministerio del Interior | L20: ASBV - APR 72600 | M20: ='Presupuesto 01000992'!AL48+'Presupuesto 01000992'!AL51 -> 2643355.2
G21: 218500 | H21: =75645/2 -> 37822.5 | I21: =75645/2 -> 37822.5 | L21: Servicios contractuales 71300
B22: 2.5. Actividad: Fortalecer las capacidades en materia de prevención, análisis de riesgo y defensa de los Derechos Humanos. | G22: 100000 | H22: 200000 | I22: 200000 | J22: UNDP | K22: Ministerio del Interior | L22: Servicios contractuales 71300 | M22: ='Presupuesto 01000992'!AL54 -> 500000
B23: Subtotal para el Producto 2 | C23: =SUM(C14:C22) -> 0 | D23: =SUM(D14:D22) -> 0 | E23: =SUM(E14:E22) -> 40094 | F23: =SUM(F14:F22) -> 22164 | G23: =SUM(G14:G22) -> 356580 | H23: =SUM(H14:H22) -> 1954176.1 | I23: =SUM(I14:I22) -> 1536009.5 | M23: =SUM(M14:M22) -> 3909023.9
A24: Producto 3 Implementar las políticas públicas en materia de Garantías para el goce efectivo de los DDHH, la protección de personas y comunidades en riesgo y el seguimiento de los autos y órdenes judiciales a cargo de la Dirección de Derechos Humano Indicador de género: GEN2 | B24: Actividad 3.1: Apoyar la implementación del Plan de Acción Nacional del Programa Integral de Garantías para Lideresas y Defensoras de DDHH, en el marco del auto 737, de la sentencia T-025/2004. | H24: 3502 | J24: UNDP | K24: Ministerio del Interior | L24: Servicios contractuales 71300 | M24: ='Presupuesto 01000992'!AL56+'Presupuesto 01000992'!AL58+'Presupuesto 01000992'!AL60 -> 295100.53
H25: 27244 | L25: Viajes y viáticos 71600
F26: 22000 | G26: 50000 | H26: 100564 | I26: 72355 | L26: ASBV - APR 72600
I27: 19436 | L27: DPC 74500
B28: Actividad 3.2: Implementar los planes de acción de las Zonas Especiales de Garantías para el Liderazgo Social y Defensa de los Derechos Humanos, para la mitigación de riesgos de vulneraciones conexos a esta actividad. | F28: 4000 | G28: 10000 | H28: 36126 | J28: UNDP | K28: Ministerio del Interior | L28: ASBV - APR 72600 | M28: ='Presupuesto 01000992'!AL63 -> 50126
B29: Actividad 3.3: Realizar seguimiento al cumplimiento de las órdenes judiciales a cargo de la Dirección de Derechos Humanos. | G29: 54905 | H29: =308779-154389.82 -> 154389.18 | I29: =367869+154389.82 -> 522258.82 | J29: UNDP | K29: Ministerio del Interior | L29: ASBV - APR 72600 | M29: ='Presupuesto 01000992'!AL65 -> 705893.25
B30: Actividad 3.4: Apoyar iniciativas organizativas y/o comunitarias dirigidas a la protección y autoprotección de mujeres dedicadas al liderazgo social y la defensa de los DDHH. | E30: 3356 | G30: 114166 | H30: 600000 | I30: 943748 | J30: UNDP | K30: Ministerio del Interior | L30: ASBV - APR 72600 | M30: ='Presupuesto 01000992'!AL68 -> 1557746.5
B31: Subtotal para el Producto 3 | C31: =SUM(C24:C30) -> 0 | D31: =SUM(D24:D30) -> 0 | E31: =SUM(E24:E30) -> 3356 | F31: =SUM(F24:F30) -> 26000 | G31: =SUM(G24:G30) -> 229071 | H31: =SUM(H24:H30) -> 921825.18 | I31: =SUM(I24:I30) -> 1557797.8 | M31: =SUM(M24:M30) -> 2608866.2
A32: Evaluación | I32: 40000 | J32: UNDP | K32: Ministerio del Interior | L32: Evaluación 74100 | M32: ='Presupuesto 01000992'!AL77 -> 40000
A33: Auditoría | I33: 5000 | J33: UNDP | K33: Ministerio del Interior | L33: Auditoria 74100 | M33: ='Presupuesto 01000992'!AL78 -> 5000
A34: Costo de Apoyo (GMS) | C34: =(C13+C23+C31)*0.05 -> 882.15 | D34: =(D13+D23+D31)*0.05 -> 194.5 | E34: =(E13+E23+E31)*0.05 -> 5780.15 | F34: =(F13+F23+F31)*0.05 -> 24608.25 | G34: =(G13+G23+G31)*0.05 -> 157295.45 | H34: =(H13+H23+H31)*0.05 -> 261278.42 | I34: =(I13+I23+I31+I32+I33)*0.05 -> 364195.05 | J34: UNDP | K34: Ministerio del Interior | L34: GMS 75100 | M34: ='Presupuesto 01000992'!AL81 -> 811816.53
A35: TOTAL | M35: =M13+M23+M31+M32+M33+M34 -> 17048147

Sheet V1 Presupuesto Desagregado
A1: PRESUPUESTO DESAGREGADO Proyecto: Fortalecimiento de las capacidades del Ministerio del Interior: “Implementación del Acuerdo de Paz, Seguridad Humana y respeto por los DD. HH”
A2: Objetivo del proyecto: Generar capacidades en las organizaciones de la sociedad civil para consolidar la política de Seguridad Humana y apoyar la implementación del Acuerdo de Paz, a partir del fortalecimiento de la gestión institucional de la Dirección de Derechos Humanos del Ministerio del Interior.
A3: RESULTADO : La Dirección de DD.HH. del Ministerio del Interior es fortalecida en su capacidad de formulación, articulación y seguimiento de iniciativas en materia normativa, de políticas públicas, de transferencia de capacidades a organizaciones y de respuesta a requerimientos judiciales, a través de la incorporación del enfoque basado en derechos humanos en la gestión institucional territorial.
A4: actividad | D4: Unidad de medida | E4: Valor unitario (por unidad de medida) (a) | F4: Cantidad requerida (b) | G4: Valor total por actividad | H4: Calendario (por actividad) 20023 | I4: Calendario (por actividad) 2024 | M4: Calendario (por actividad) 2025 | O4: Área geográfica | P4: Organización participante responsable
H5: T4 | I5: T1 | J5: T2 | M5: T1 | N5: T2
A6: Producto 1: Fortalecer la política pública de prevención de violaciones a los Derechos a la vida, integridad, libertad y seguridad de personas, grupos y comunidades. | B6: Actividad 1.1 Formular y diseñar documentos metodológicos en Gestión Preventiva del Riesgo. | C6: 4. Servicios contractuales | G6: =G7 -> 23752.827 | H6: X | I6: X | J6: X | K6: X | L6: X | M6: X | N6: X | O6: 1) Magdalena, 2) Chocó, 3) Valle de cauca, 4)Cauca, 5)Nariño, 6) Putumayo, 7) Montes de María, 8) Nordeste Antioqueño, 9) Arauca, 10) Norte de Santander, 11) Huila, 12) Caquetá, y 13) Magdalena Medio. | P6: MIN INTERIOR-PNUD
C7: 4.1. Consultoria- documento metodológico gestión preventiva riesgo | D7: consultoría | E7: =AVERAGE('Presupuesto 01000992'!V7,'Presupuesto 01000992'!Z7,'Presupuesto 01000992'!AD7,'Presupuesto 01000992'!AH7) -> 23752.827 | F7: ='Presupuesto 01000992'!AK7 -> 1 | G7: ='Presupuesto 01000992'!AL7 -> 23752.827
B8: ACTIVIDAD 1.2 Realizar ajustes técnicos a la Metodología de Gestión en el territorio de la política pública de prevención a violaciones a los DDHH. | C8: 4. Servicios contractuales | G8: =SUM(G9:G10) -> 366822.29 | H8: X | I8: X | J8: X | K8: X | L8: X | M8: X | N8: X
C9: 4.1. Consultoria- Metodologia gestión en el territorio | D9: consultoría | E9: =AVERAGE('Presupuesto 01000992'!V9,'Presupuesto 01000992'!Z9,'Presupuesto 01000992'!AD9,'Presupuesto 01000992'!AH9) -> 23752.827 | F9: ='Presupuesto 01000992'!AK9 -> 1 | G9: ='Presupuesto 01000992'!AL9 -> 23752.827
C10: 4.2. Cofinanciar proyectos territoriales seleccionados en el marco de los planes de trabajo en derechos humanos de las entidades territoriales (L.8) | D10: ='Presupuesto 01000992'!AG10 -> ASBV | E10: =AVERAGE('Presupuesto 01000992'!V10,'Presupuesto 01000992'!Z10,'Presupuesto 01000992'!AD10,'Presupuesto 01000992'!AH10) -> 14916.064 | F10: ='Presupuesto 01000992'!AK10 -> 23 | G10: ='Presupuesto 01000992'!AL10 -> 343069.46
B11: ACTIVIDAD 1.3 Fortalecer las iniciativas focalizadas en los Planes de Prevención de los territorios priorizados. | C11: 1. Costos de personal | G11: =SUM(G12:G19) -> 515075.69 | H11: X | I11: X | J11: X | K11: X | L11: X | M11: X | N11: X
C12: 1.1. Coordinador jefe de proyecto | D12: mes | E12: =AVERAGE('Presupuesto 01000992'!V12,'Presupuesto 01000992'!Z12,'Presupuesto 01000992'!AD12,'Presupuesto 01000992'!AH12) -> 4602.6681 | F12: ='Presupuesto 01000992'!AK12 -> 28 | G12: ='Presupuesto 01000992'!AL12 -> 131184.05
C13: 1.2 Asociado técnico | D13: mes | E13: =AVERAGE('Presupuesto 01000992'!V13,'Presupuesto 01000992'!Z13,'Presupuesto 01000992'!AD13,'Presupuesto 01000992'!AH13) -> 2342.0969 | F13: ='Presupuesto 01000992'!AK13 -> 28 | G13: ='Presupuesto 01000992'!AL13 -> 65843.487
C14: 1.3 Asistente tecnico PME Monitoreo y evaluación | D14: mes | E14: =AVERAGE('Presupuesto 01000992'!V14,'Presupuesto 01000992'!Z14,'Presupuesto 01000992'!AD14,'Presupuesto 01000992'!AH14) -> 2164.3036 | F14: ='Presupuesto 01000992'!AK14 -> 28 | G14: ='Presupuesto 01000992'!AL14 -> 61570.93
C15: 1.4 Asociado administrativo | D15: mes | E15: =AVERAGE('Presupuesto 01000992'!V15,'Presupuesto 01000992'!Z15,'Presupuesto 01000992'!AD15,'Presupuesto 01000992'!AH15) -> 2342.0969 | F15: ='Presupuesto 01000992'!AK15 -> 28 | G15: ='Presupuesto 01000992'!AL15 -> 65843.487
C16: 1.5 Asociado administrativo GRANTS APR | D16: mes | E16: =AVERAGE('Presupuesto 01000992'!V16,'Presupuesto 01000992'!Z16,'Presupuesto 01000992'!AD16,'Presupuesto 01000992'!AH16) -> 1467.9113 | F16: ='Presupuesto 01000992'!AK16 -> 40 | G16: ='Presupuesto 01000992'!AL16 -> 61227.743
C17: 1.6.Asistente comunicaciones | D17: mes | E17: =AVERAGE('Presupuesto 01000992'!V17,'Presupuesto 01000992'!Z17,'Presupuesto 01000992'!AD17,'Presupuesto 01000992'!AH17) -> 1294.4791 | F17: ='Presupuesto 01000992'!AK17 -> 40 | G17: ='Presupuesto 01000992'!AL17 -> 54742.995
C18: 1.7. Ásociado áreas transversales | D18: mes | E18: =AVERAGE('Presupuesto 01000992'!V18,'Presupuesto 01000992'!Z18,'Presupuesto 01000992'!AD18,'Presupuesto 01000992'!AH18) -> 1479.3054 | F18: ='Presupuesto 01000992'!AK18 -> 28 | G18: ='Presupuesto 01000992'!AL18 -> 45862.995
C19: 1.8 Asociado técnico | D19: ='Presupuesto 01000992'!AG19 -> mes | E19: =AVERAGE('Presupuesto 01000992'!V19,'Presupuesto 01000992'!Z19,'Presupuesto 01000992'!AD19,'Presupuesto 01000992'!AH19) -> 2400 | F19: ='Presupuesto 01000992'!AK19 -> 12 | G19: ='Presupuesto 01000992'!AL19 -> 28800
C20: 4. Servicios contractuales | G20: =SUM(G21:G24) -> 187325.65
C21: 4.1. Servicios de eventos/talleres con entidades, organizaciones, comunidades, asistencia | D21: costo unitario | E21: =AVERAGE('Presupuesto 01000992'!V21,'Presupuesto 01000992'!Z21,'Presupuesto 01000992'!AD21,'Presupuesto 01000992'!AH21) -> 763.9 | F21: ='Presupuesto 01000992'!AK21 -> 4.5839 | G21: ='Presupuesto 01000992'!AL21 -> 3501.6412
C22: 4.2. Servicios de consultoria (IC) para seguimiento administrativo y financiero | D22: costo unitario | E22: =AVERAGE('Presupuesto 01000992'!V22,'Presupuesto 01000992'!Z22,'Presupuesto 01000992'!AD22,'Presupuesto 01000992'!AH22) -> 10000 | F22: ='Presupuesto 01000992'!AK22 -> 10 | G22: ='Presupuesto 01000992'!AL22 -> 100000
C23: 4.3. Plataforma | D23: ='Presupuesto 01000992'!AG23 -> Consultoria | E23: =AVERAGE('Presupuesto 01000992'!V23,'Presupuesto 01000992'!Z23,'Presupuesto 01000992'!AD23,'Presupuesto 01000992'!AH23) -> 47824.008 | F23: ='Presupuesto 01000992'!AK23 -> 1 | G23: ='Presupuesto 01000992'!AL23 -> 47824.008
C24: 4.4. Soporte proceso de automatización ASBV | D24: ='Presupuesto 01000992'!AG24 -> UNV | E24: =AVERAGE('Presupuesto 01000992'!V24,'Presupuesto 01000992'!Z24,'Presupuesto 01000992'!AD24,'Presupuesto 01000992'!AH24) -> 2000 | F24: ='Presupuesto 01000992'!AK24 -> 18 | G24: ='Presupuesto 01000992'!AL24 -> 36000
C25: 5. Viajes | G25: =G26 -> 37265.972
C26: 5.1. Viajes y viáticos | D26: misión | E26: =AVERAGE('Presupuesto 01000992'!V26,'Presupuesto 01000992'!Z26,'Presupuesto 01000992'!AD26,'Presupuesto 01000992'!AH26) -> 506.865 | F26: ='Presupuesto 01000992'!AK26 -> 73.751958 | G26: ='Presupuesto 01000992'!AL26 -> 37265.972
C27: 6. Transferencias y grants a contrapartes | G27: =SUM(G28:G32) -> 7974349.9
C28: 6.1. ASBV/ APR / Compras Planes de prevención | D28: ASBV | E28: =AVERAGE('Presupuesto 01000992'!V28,'Presupuesto 01000992'!Z28,'Presupuesto 01000992'!AD28,'Presupuesto 01000992'!AH28) -> 21950.15 | F28: ='Presupuesto 01000992'!AK28 -> 128 | G28: ='Presupuesto 01000992'!AL28 -> 2809619.2
C29: 6.2. Seguimiento y monitoreo oficina PNUD (DPC) | D29: ASBV | E29: =AVERAGE('Presupuesto 01000992'!V29,'Presupuesto 01000992'!Z29,'Presupuesto 01000992'!AD29,'Presupuesto 01000992'!AH29) -> 70729.058 | F29: ='Presupuesto 01000992'!AK29 -> 4 | G29: ='Presupuesto 01000992'!AL29 -> 282916.23
C30: 6.3. ASBV - iniciativas focalizadas en Planes de Prevención de municipios PDET (L.1) | D30: ='Presupuesto 01000992'!AG30 -> ASBV | E30: =AVERAGE('Presupuesto 01000992'!V30,'Presupuesto 01000992'!Z30,'Presupuesto 01000992'!AD30,'Presupuesto 01000992'!AH30) -> 19177.796 | F30: ='Presupuesto 01000992'!AK30 -> 209 | G30: ='Presupuesto 01000992'!AL30 -> 4008159.3
C31: 6.4.ASBV - iniciativas en Planes Integrales de Prevención y Autoprotección para comunidades (L.2) | D31: ='Presupuesto 01000992'!AG31 -> ASBV | E31: =AVERAGE('Presupuesto 01000992'!V31,'Presupuesto 01000992'!Z31,'Presupuesto 01000992'!AD31,'Presupuesto 01000992'!AH31) -> 7458.0318 | F31: ='Presupuesto 01000992'!AK31 -> 40 | G31: ='Presupuesto 01000992'!AL31 -> 298321.27
C32: 6.5.ASBV - iniciativas en materia de Derechos Humanos para la implementación de los planes de integrales de prevención y autoprotección de comunidades priorizadas (L.4) | D32: ='Presupuesto 01000992'!AG32 -> ASBV | E32: =AVERAGE('Presupuesto 01000992'!V32,'Presupuesto 01000992'!Z32,'Presupuesto 01000992'!AD32,'Presupuesto 01000992'!AH32) -> 19177.796 | F32: ='Presupuesto 01000992'!AK32 -> 30 | G32: ='Presupuesto 01000992'!AL32 -> 575333.88
B33: ACTIVIDAD 1.4 Adecuar espacios destinados a la inhumación de cuerpos o restos Humanos de personas no identificadas e identificadas no reclamadas en cementerios, como apoyo a la acción institucional en el marco del proceso de búsqueda de personas desaparecidas en Colombia. | C33: 4. Servicios contractuales | G33: =SUM(G34:G35) -> 568848.07 | H33: x | I33: x | J33: x | K33: x | L33: x | M33: x | N33: x
C34: 4.1. Contrato adecuación espacios inhumación de restos | D34: costo unitario | E34: =AVERAGE('Presupuesto 01000992'!V34,'Presupuesto 01000992'!Z34,'Presupuesto 01000992'!AD34,'Presupuesto 01000992'!AH34) -> 42530.963 | F34: ='Presupuesto 01000992'!AK34 -> 3 | G34: ='Presupuesto 01000992'!AL34 -> 127592.89
C35: 4.2. Contratos par apoyar a las entidades territoriales en la adecuación de espacios destinados a la inhumación de cuerpos o restos humanos de personas no identificadas e identificadas no reclamadas en cementerios. (L.7) | D35: ='Presupuesto 01000992'!AG35 -> Consultoria | E35: =AVERAGE('Presupuesto 01000992'!V35,'Presupuesto 01000992'!Z35,'Presupuesto 01000992'!AD35,'Presupuesto 01000992'!AH35) -> 73542.53 | F35: ='Presupuesto 01000992'!AK35 -> 6 | G35: ='Presupuesto 01000992'!AL35 -> 441255.18
B36: total producto 1 | G36: =G6+G8+G11+G20+G25+G27+G33 -> 9673440.4
A37: Producto 2: Fortalecer la intervención territorial de la Dirección de DDHH a través de la gestión de programas e instancias tendientes a consolidar los ecosistemas de promoción y protección de DDHH. | B37: ACTIVIDAD 2.1 Cofinanciar proyectos territoriales seleccionados en el marco de los planes de trabajo en Derechos Humanos de las entidades territoriales | C37: 6. Transferencias y grants a contrapartes | G37: =SUM(G38,G39) -> 184569.39 | H37: X | I37: X | J37: X | K37: X | L37: X | M37: X | N37: X
C38: 6.1. ASBV- APR Iniciativas Proyectos territoriales planes de trabajo en DD.HH | D38: ASBV-APR | E38: =AVERAGE('Presupuesto 01000992'!V38,'Presupuesto 01000992'!Z38,'Presupuesto 01000992'!AD38,'Presupuesto 01000992'!AH38) -> 16219.489 | F38: ='Presupuesto 01000992'!AK38 -> 10 | G38: ='Presupuesto 01000992'!AL38 -> 162194.89
C39: 6.2. Seguimiento y monitoreo oficina PNUD (DPC) | D39: ASBV | E39: =AVERAGE('Presupuesto 01000992'!V39,'Presupuesto 01000992'!Z39,'Presupuesto 01000992'!AD39,'Presupuesto 01000992'!AH39) -> 7458.1663 | F39: ='Presupuesto 01000992'!AK39 -> 3 | G39: ='Presupuesto 01000992'!AL39 -> 22374.499
B40: ACTIVIDAD 2.2. Fortalecer la implementación de los planes integrales de prevención y autoprotección de comunidades en el marco del decreto 660 de 2018, a través del apoyo a iniciativas comunitarias. | C40: 4. Servicios contractuales | G40: =G41 -> 78310.499 | H40: X | I40: X | J40: X | K40: X | L40: X | M40: X | N40: X
C41: 4.1. Servicios de eventos/talleres con entidades, organizaciones, comunidades | D41: Costo unitario | E41: =AVERAGE('Presupuesto 01000992'!V41,'Presupuesto 01000992'!Z41,'Presupuesto 01000992'!AD41,'Presupuesto 01000992'!AH41) -> 4122.401 | F41: ='Presupuesto 01000992'!AK41 -> 14.583986 | G41: ='Presupuesto 01000992'!AL41 -> 78310.499
C42: 5. Viajes | G42: =G43 -> 51560.716
C43: 5.1. Viajes y viáticos | D43: misión | E43: =AVERAGE('Presupuesto 01000992'!V43,'Presupuesto 01000992'!Z43,'Presupuesto 01000992'!AD43,'Presupuesto 01000992'!AH43) -> 1148.9883 | F43: ='Presupuesto 01000992'!AK43 -> 63.751958 | G43: ='Presupuesto 01000992'!AL43 -> 51560.716
C44: 6. Transferencias y grants a contrapartes | G44: =G45 -> 403915.06
C45: 6.1. ASBV- APR Fortalecimiento planes integrales de prevención D.660 | D45: ASBV-APR | E45: =AVERAGE('Presupuesto 01000992'!V45,'Presupuesto 01000992'!Z45,'Presupuesto 01000992'!AD45,'Presupuesto 01000992'!AH45) -> 18359.775 | F45: ='Presupuesto 01000992'!AK45 -> 22 | G45: ='Presupuesto 01000992'!AL45 -> 403915.06
B46: ACTIVIDAD 2.3. Diseñar e implementar un plan estratégico de cultura de respeto y de garantías a la labor de defensa de los Derechos Humanos a nivel nacional y territorial. | C46: 4. Servicios contractuales | G46: =G47 -> 47313.011 | H46: X | I46: X | J46: X | K46: X | L46: X | M46: X | N46: X
C47: 4.1. Consultoría análisis de riesgos | D47: consultoría | E47: =AVERAGE('Presupuesto 01000992'!V47,'Presupuesto 01000992'!Z47,'Presupuesto 01000992'!AD47,'Presupuesto 01000992'!AH47) -> 47313.011 | F47: ='Presupuesto 01000992'!AK47 -> 1 | G47: ='Presupuesto 01000992'!AL47 -> 47313.011
B48: ACTIVIDAD 2.4. Transferir capacidades para la incidencia política y la exigibilidad de derechos, a las Organizaciones defensoras de DDHH, con enfoque diferencial, de genero y OSIGD priorizando acciones en las Zonas Especiales de garantías para el liderazgo y la defensa de los DDHH. | C48: 4. Servicios contractuales | G48: =G49 -> 64145 | H48: X | I48: X | J48: X | K48: X | L48: X | M48: X | N48: X
C49: 4.1. Consultoría análisis de riesgos | E49: =AVERAGE('Presupuesto 01000992'!V49,'Presupuesto 01000992'!Z49,'Presupuesto 01000992'!AD49,'Presupuesto 01000992'!AH49) -> 64145 | F49: ='Presupuesto 01000992'!AK49 -> 1 | G49: ='Presupuesto 01000992'!AL49 -> 64145
C50: 6. Transferencias y grants a contrapartes | G50: =G51 -> 2349210.2 | H50: X | I50: X | J50: X | K50: X | L50: X | M50: X | N50: X
C51: 6.1. ASBV- APR Fortalecimiento planes integrales de prevención D.660 - Asistencia Técnica | D51: ASBV-APR | E51: =AVERAGE('Presupuesto 01000992'!V52,'Presupuesto 01000992'!Z52,'Presupuesto 01000992'!AD52,'Presupuesto 01000992'!AH52) -> 54727.976 | F51: ='Presupuesto 01000992'!AK52 -> 140 | G51: ='Presupuesto 01000992'!AL52 -> 2349210.2
B52: ACTIVIDAD 2.5. Fortalecer las capacidades en materia de prevención, análisis de riesgo y defensa de los Derechos Humanos. | C52: 4. Servicios contractuales | G52: =G53 -> 500000 | H52: X | I52: X | J52: X | K52: X | L52: X | M52: X | N52: X
C53: 4.1. Programa de formación para la consolidación de la política pública de Seguridad Humana y el respeto a los DD.HH.. | E53: =AVERAGE('Presupuesto 01000992'!V54,'Presupuesto 01000992'!Z54,'Presupuesto 01000992'!AD54,'Presupuesto 01000992'!AH54) -> 500000 | F53: ='Presupuesto 01000992'!AK54 -> 1 | G53: ='Presupuesto 01000992'!AL54 -> 500000
B54: total producto 2 | G54: =G37+G40+G42+G44+G46+G48+G52+G50 -> 3679023.9
A55: Producto 3: Implementar las políticas públicas en materia de Garantías para el goce efectivo de los DDHH, la protección de personas y comunidades en riesgo y el seguimiento de los autos y órdenes judiciales a cargo de la Dirección de Derechos Humano | B55: ACTIVIDAD 3.1. Apoyar la implementación del Plan de Acción Nacional del Programa Integral de Garantías para Lideresas y Defensoras de DDHH, en el marco del auto 737, de la sentencia T-025/2004. | C55: 4. Servicios contractuales | G55: =G56 -> 3501.8992 | H55: X | I55: X | J55: X | K55: X | L55: X | M55: X | N55: X
C56: 4.1. Servicios de eventos/talleres con entidades, organizaciones, comunidades | D56: Costo unitario | E56: =AVERAGE('Presupuesto 01000992'!V57,'Presupuesto 01000992'!Z57,'Presupuesto 01000992'!AD57,'Presupuesto 01000992'!AH57) -> 763.94194 | F56: ='Presupuesto 01000992'!AK57 -> 4.583986 | G56: ='Presupuesto 01000992'!AL57 -> 3501.8992
C57: 5. Viajes | G57: =G58 -> 27243.798 | H57: X | I57: X | J57: X | K57: X | L57: X | M57: X | N57: X
C58: 5.1. Viajes y viáticos | D58: misión | E58: =AVERAGE('Presupuesto 01000992'!V59,'Presupuesto 01000992'!Z59,'Presupuesto 01000992'!AD59,'Presupuesto 01000992'!AH59) -> 507.64731 | F58: ='Presupuesto 01000992'!AK59 -> 53.751958 | G58: ='Presupuesto 01000992'!AL59 -> 27243.798
C59: 6. Transferencias y grants a contrapartes | G59: =SUM(G60,G61) -> 264354.83 | H59: X | I59: X | J59: X | K59: X | L59: X | M59: X | N59: X
C60: 6.1. ASBV- APR Iniciativas Plan de acción Programa Nacional Integral garantías lideresas y defensoras DD.HH, auto 737 y Sentencia T-025/2004 | D60: ASBV-APR | E60: =AVERAGE('Presupuesto 01000992'!V61,'Presupuesto 01000992'!Z61,'Presupuesto 01000992'!AD61,'Presupuesto 01000992'!AH61) -> 17494.208 | F60: ='Presupuesto 01000992'!AK61 -> 14 | G60: ='Presupuesto 01000992'!AL61 -> 244918.92
C61: 6.2. Seguimiento y monitoreo oficina PNUD (DPC) | D61: ASBV-APR | E61: =AVERAGE('Presupuesto 01000992'!V62,'Presupuesto 01000992'!Z62,'Presupuesto 01000992'!AD62,'Presupuesto 01000992'!AH62) -> 6478.6373 | F61: ='Presupuesto 01000992'!AK62 -> 3 | G61: ='Presupuesto 01000992'!AL62 -> 19435.912
B62: ACTIVIDAD 3.2. Implementar los planes de acción de las Zonas Especiales de Garantías para el Liderazgo Social y Defensa de los Derechos Humanos, para la mitigación de riesgos de vulneraciones conexos a esta actividad. | C62: 6. Transferencias y grants a contrapartes | G62: =G63 -> 50126 | H62: X | I62: X | J62: X | K62: X | L62: X | M62: X | N62: X
C63: 6.1. ASBV- APR Iniciativas Planes de accion Zonas especiales de Garantias liderazgo social y defensa DD.HH | D63: ASBV-APR | E63: =AVERAGE('Presupuesto 01000992'!V64,'Presupuesto 01000992'!Z64,'Presupuesto 01000992'!AD64,'Presupuesto 01000992'!AH64) -> 5012.6 | F63: ='Presupuesto 01000992'!AK64 -> 10 | G63: ='Presupuesto 01000992'!AL64 -> 50126
B64: ACTIVIDAD 3.3. Realizar seguimiento al cumplimiento de las órdenes judiciales a cargo de la Dirección de Derechos Humanos. | C64: 6. Transferencias y grants a contrapartes | G64: =SUM(G65:G66) -> 705893.25 | H64: X | I64: X | J64: X | K64: X | L64: X | M64: X | N64: X
C65: 6.1. ASBV- APR Iniciativas seguimiento cumplimiento ordenes judiciales (autos priorizados) a cargo de la Dirección de DD.HH | D65: ASBV-APR | E65: =AVERAGE('Presupuesto 01000992'!V66,'Presupuesto 01000992'!Z66,'Presupuesto 01000992'!AD66,'Presupuesto 01000992'!AH66) -> 18247.733 | F65: ='Presupuesto 01000992'!AK66 -> 20 | G65: ='Presupuesto 01000992'!AL66 -> 364954.66
C66: 6.2. ASBV- Realizar seguimiento al cumplimiento de las órdenes enmarcadas en los autos priorizados para la vigencia a cargo de la Dirección de Derechos Humanos (L.11) | D66: ='Presupuesto 01000992'!AG67 -> ASBV | E66: =AVERAGE('Presupuesto 01000992'!V67,'Presupuesto 01000992'!Z67,'Presupuesto 01000992'!AD67,'Presupuesto 01000992'!AH67) -> 17046.93 | F66: ='Presupuesto 01000992'!AK67 -> 20 | G66: ='Presupuesto 01000992'!AL67 -> 340938.59
B67: ACTIVIDAD 3.4. Apoyar iniciativas organizativas y/o comunitarias dirigidas a la protección y autoprotección de mujeres dedicadas al liderazgo social y la defensa de los DDHH. | C67: 6. Transferencias y grants a contrapartes | G67: =SUM(G68:G74) -> 1557746.5 | H67: X | I67: X | J67: X | K67: X | L67: X | M67: X | N67: X
C68: 6.1. ASBV- APR Iniciativas organizativas y/o comunitarias proteccion y autoproteccion con enfoque de género, énfasis en proteccion y prevencion a mujeres | D68: ASBV-APR | E68: =AVERAGE('Presupuesto 01000992'!V69,'Presupuesto 01000992'!Z69,'Presupuesto 01000992'!AD69,'Presupuesto 01000992'!AH69) -> 18227.233 | F68: ='Presupuesto 01000992'!AK69 -> 10 | G68: ='Presupuesto 01000992'!AL69 -> 182272.33
C69: 6.2. ASBV - iniciativas a organizaciones defensoras de Derechos Humanos, con enfoque diferencial, de género, y orientación e identidad sexual diversa (L.5) | D69: ='Presupuesto 01000992'!AG70 -> ASBV | E69: =AVERAGE('Presupuesto 01000992'!V70,'Presupuesto 01000992'!Z70,'Presupuesto 01000992'!AD70,'Presupuesto 01000992'!AH70) -> 6499.142 | F69: ='Presupuesto 01000992'!AK70 -> 40 | G69: ='Presupuesto 01000992'!AL70 -> 259965.68
C70: 6.3. ASBV - iniciativa dirigidas a apoyar la implementación de los planes de acción construidos en las zonas especiales de garantías para el liderazgo social y defensa de los derechos humanos (L.6) | D70: ='Presupuesto 01000992'!AG71 -> ASBV | E70: =AVERAGE('Presupuesto 01000992'!V71,'Presupuesto 01000992'!Z71,'Presupuesto 01000992'!AD71,'Presupuesto 01000992'!AH71) -> 6499.142 | F70: ='Presupuesto 01000992'!AK71 -> 40 | G70: ='Presupuesto 01000992'!AL71 -> 259965.68
C71: 6.4. ASBV - iniciativas de autoprotección de organizaciones y colectividades de los sectores sociales LGBTIQ+, en el marco de los planes de autoprotección territorial (L.9) | D71: ='Presupuesto 01000992'!AG72 -> ASBV | E71: =AVERAGE('Presupuesto 01000992'!V72,'Presupuesto 01000992'!Z72,'Presupuesto 01000992'!AD72,'Presupuesto 01000992'!AH72) -> 5327.1655 | F71: ='Presupuesto 01000992'!AK72 -> 23 | G71: ='Presupuesto 01000992'!AL72 -> 122524.81
C72: 6.5. Apoyar iniciativas en materia de Derechos Humanos con enfoque de género y diferencial con énfasis en protección y prevención hacia las mujeres. (L.10) | D72: ='Presupuesto 01000992'!AG73 -> ASBV | E72: =AVERAGE('Presupuesto 01000992'!V73,'Presupuesto 01000992'!Z73,'Presupuesto 01000992'!AD73,'Presupuesto 01000992'!AH73) -> 19177.796 | F72: ='Presupuesto 01000992'!AK73 -> 20 | G72: ='Presupuesto 01000992'!AL73 -> 383555.92
C73: 6.6. ASBV - Diseñar, seleccionar e implementar proyectos para la promoción y prevención de los derechos humanos de las mujeres lideresas defensoras de derechos humanos. (L.12) | D73: ='Presupuesto 01000992'!AG74 -> ASBV | E73: =AVERAGE('Presupuesto 01000992'!V74,'Presupuesto 01000992'!Z74,'Presupuesto 01000992'!AD74,'Presupuesto 01000992'!AH74) -> 12785.197 | F73: ='Presupuesto 01000992'!AK74 -> 24 | G73: ='Presupuesto 01000992'!AL74 -> 306844.73
C74: 6.7. ASBV - Cofinanciar iniciativas focalizadas en el impulso del programa de fortalecimiento de la capacidad de denuncia de las organizaciones de derechos humanos en los territorios rurales. (L.3) | D74: ='Presupuesto 01000992'!AG75 -> ASBV | E74: =AVERAGE('Presupuesto 01000992'!V75,'Presupuesto 01000992'!Z75,'Presupuesto 01000992'!AD75,'Presupuesto 01000992'!AH75) -> 2130.8662 | F74: ='Presupuesto 01000992'!AK75 -> 20 | G74: ='Presupuesto 01000992'!AL75 -> 42617.324
B75: total producto 3 | G75: =G55+G57+G59+G62+G64+G67 -> 2608866.2
